 Dungeon Crawl Stone Soup version 0.22-a0-445-g8c8ef71062 (webtiles) character file.

515 Ordine the Changer (level 7, 47/52 HPs)
             Began as a Grey Draconian Transmuter on June 2, 2018.
             Quit the game on level 5 of the Dungeon.
             The game lasted 00:09:43 (4514 turns).

Ordine the Changer (Grey Draconian Transmuter)      Turns: 4514, Time: 00:09:44

Health: 47/52      AC:  2    Str: 13    XL:     7   Next: 0%
Magic:  7/10       EV: 19    Int: 15    God:
Gold:   153        SH:  0    Dex: 16    Spells: 2/10 levels left

rFire    . . .     SeeInvis .     - Unarmed
rCold    . . .     Gourm    .   (shield currently unavailable)
rNeg     . . .     Faith    .   (armour unavailable)
rPois    x         Spirit   .   (helmet currently unavailable)
rElec    .         Reflect  .   (cloak currently unavailable)
rCorr    .         Harm     .   (gloves currently unavailable)
MR       .....                  (boots currently unavailable)
Stlth    +.........             (no amulet)
HPRegen  0.17/turn              h - ring of flight
MPRegen  0.12/turn              (no ring)

@: spider-form
A: tiny, (walk through water), unfitting armour, AC +11
a: End Transformation, Evoke Flight


You were on level 5 of the Dungeon.
You were near starving.
You were a venomous arachnid creature.
You visited 1 branch of the dungeon, and saw 5 of its levels.

You collected 153 gold pieces.

Inventory:

Hand Weapons
 d - a cursed -2 blowgun (melded)
Missiles
 a - 70 arrows
Armour
 i - a +0 pair of gloves (melded)
Jewellery
 b - an uncursed amulet of guardian spirit
 h - a ring of flight (left front leg)
Wands
 f - a wand of flame (23)
Scrolls
 g - 2 scrolls of fear
 k - 2 scrolls of teleportation
Potions
 e - a potion of agility
Comestibles
 c - 3 rations


   Skills:
 - Level 1.1 Fighting
 - Level 1.7 Dodging
 - Level 4.4 Unarmed Combat
 - Level 2.0 Spellcasting
 * Level 6.9 Transmutations


You had 2 spell levels left.
You knew the following spells:

 Your Spells              Type           Power        Failure   Level  Hunger
a - Beastly Appendage     Tmut           ###...       6%          1    #......
b - Spider Form           Tmut/Pois      ##........   34%         3    ###....
c - Ice Form              Ice/Tmut       ##......     69%         4    #####..

Your spell library contained the following spells:

 Spells                   Type           Power        Failure   Level  Hunger
 Blade Hands              Tmut           ###.......   56%         5    ######.
 Sticks to Snakes         Tmut           ###.....     8%          2    ###....


Dungeon Overview and Level Annotations

Branches:
Dungeon (5/15)
 Temple: D:4-7

Altars:
Hepliaklqana
Kikubaaqudgha
Qazlal


Innate Abilities, Weirdness & Mutations

((You can walk through water.))
((Your dull iron-grey scales are very hard. (AC +11)))
You cannot fit into any form of body armour.
((You can survive without breathing.))
((You are cold-blooded and may be slowed by cold attacks.))


Message History

You bite the bullfrog zombie!
You destroy the bullfrog zombie!
The crimson imp blinks!
The crimson imp misses you.
Found a scroll labeled ATUYPHY REFF.
You hit the crimson imp.
The crimson imp is moderately wounded.
You bite the crimson imp!
The crimson imp is severely wounded.
The crimson imp completely misses you.
You hit the crimson imp.
You kill the crimson imp!
You have reached level 7!
Your scales start taking on a dull iron-grey colour.
You learn Air Magic much slower.
You learn Earth Magic much quicker.
You can walk through water.
You feel breathless.
Unknown command.
Unknown command.
Are you sure you want to abandon this character and quit the game? (Confirm with "yes".)

##### #..?
#.###.#####...
#....s......8.
###.####.####..⌠
...>...<......8.
#####.#.##.##..⌠
.. #+# ... #.
#.. .. .... ##
###


There were no monsters in sight!

Vanquished Creatures
  An ice beast (D:2)
  An ogre (D:4)
  The ghost of Liquorice the Ducker, a weakling DsGl of Wu Jian (D:3)
  A crimson imp (D:5)
  A bullfrog zombie (D:5)
  A hound (D:4)
  2 worker ants (D:4)
  3 gnolls (D:3)
  3 adders
  3 oozes
  An adder skeleton (D:4)
  A worm (D:3)
  4 dart slugs
  2 leopard geckos
  An orc (D:4)
  5 ball pythons
  2 giant cockroaches
  5 goblins
  7 hobgoblins
  8 jackals
  8 bats
  4 frilled lizards
  8 kobolds
  A quokka skeleton (D:4)
  3 rats
77 creatures vanquished.

Notes
Turn   | Place    | Note
-------+----------+-------------------------------------------
     0 | D:1      | Ordine the Draconian Transmuter began the quest for the Orb.
     0 | D:1      | Reached XP level 1. HP: 16/16 MP: 3/3
   162 | D:1      | Reached XP level 2. HP: 23/23 MP: 5/5
   813 | D:2      | Reached XP level 3. HP: 19/28 MP: 6/6
   917 | D:2      | Learned a level 3 spell: Spider Form
  1127 | D:2      | Reached skill level 3 in Transmutations
  1323 | D:2      | Noticed an ice beast
  1331 | D:2      | Killed an ice beast
  1331 | D:2      | Reached skill level 4 in Transmutations
  1331 | D:2      | Reached XP level 4. HP: 21/35 MP: 3/7
  1331 | D:2      | Reached XP level 5. HP: 24/40 MP: 3/8
  1701 | D:2      | Found an ancient bone altar of Kikubaaqudgha.
  2170 | D:2      | Found a hazy altar of Hepliaklqana.
  2304 | D:3      | Noticed Liquorice's ghost (weakling DsGl)
  2334 | D:3      | Killed Liquorice's ghost
  2909 | D:3      | Found a faded altar of an unknown god.
  2923 | D:3      | Reached skill level 5 in Transmutations
  3068 | D:3      | Learned a level 4 spell: Ice Form
  3505 | D:4      | Reached XP level 6. HP: 41/47 MP: 5/9
  3547 | D:4      | Reached skill level 6 in Transmutations
  4435 | D:4      | Found a stormy altar of Qazlal.
  4496 | D:5      | Entered Level 5 of the Dungeon
  4513 | D:5      | Your scales start taking on a dull iron-grey colour.
  4513 | D:5      | Reached XP level 7. HP: 47/52 MP: 7/10
  4513 | D:5      | Gained mutation: You can survive without breathing. [Grey Draconian growth]
  4514 | D:5      | Quit the game

Vault maps used:
D:1:      dpeg_arrival_central
D:2:      lemuel_doored_altar, nicolae_overflow_crystal_walls,
          minmay_heptomino_d4
D:3:      chequers_ecumenical_altar_island
D:4:      nicolae_overflow_hidden_temple, grunt_ministairs_3
D:5:      minmay_temple_entry_statues_fountains, first_ration, uniq_grinder

Skill      XL: |  1  2  3  4  5  6 |
---------------+-------------------+-----
Transmutations | 4 5 6 |  6.9
Unarmed Combat | 4 |  4.4
Fighting       | |  1.1
Dodging        | |  1.7
Spellcasting   | |  2.0

Action                   |  1- 3 |  4- 6 |  7- 9 || total
-------------------------+-------+-------+-------++-------
Melee: Unarmed           |   157 |   164 |       ||   321
       Tailslap          |     9 |     1 |       ||    10
       Headbutt          |     1 |       |       ||     1
       Blowgun           |       |     2 |       ||     2
       Punch             |       |     1 |       ||     1
 Cast: Beastly Appendage |     1 |       |       ||     1
       Spider Form       |     2 |    24 |       ||    26
  Use: Scroll            |     3 |     3 |       ||     6
       Potion            |     2 |     3 |       ||     5
 Stab: Invisible         |     2 |       |       ||     2
  Eat: Chunk             |     2 |    12 |       ||    14
Armor: Skin              |    77 |    23 |       ||   100
Dodge: Dodged            |   112 |   122 |       ||   234

Table legend:
 A = Spawn XP
 B = Non-spawn XP
 C = Spawn XP percentage of total XP
 D = Spawn monster count
 E = Non-spawn monster count
 F = Spawn count percentage of total count
 G = Total turns spent on level
                    A         B        C        D         E        F      G
               +---------+---------+-------+---------+---------+-------+---------
         Total |       0 |     736 |   0.0 |       0 |      77 |   0.0 |  4514
               +---------+---------+-------+---------+---------+-------+---------
           D:1 |       0 |      36 |   0.0 |       0 |      17 |   0.0 |   778
           D:2 |       0 |     191 |   0.0 |       0 |      27 |   0.0 |  1491
           D:3 |       0 |     142 |   0.0 |       0 |      16 |   0.0 |  1055
           D:4 |       0 |     271 |   0.0 |       0 |      15 |   0.0 |  1172
           D:5 |       0 |      96 |   0.0 |       0 |       2 |   0.0 |    18
               +---------+---------+-------+---------+---------+-------+---------
